 Dungeon Crawl Stone Soup version 0.27-a0-328-g7f782ed93a (webtiles) character file.

Game seed: 5056767628305960419

46 inc the Stinger (level 3, 14/14 HPs)
             Began as a Felid Venom Mage on Feb 11, 2021.
             Quit the game on level 2 of the Dungeon.
             The game lasted 00:03:26 (2620 turns).

inc the Stinger (Felid Venom Mage)                  Turns: 2620, Time: 00:03:26

Health: 14/14      AC:  1    Str:  4    XL:     3   Next: 46%
Magic:  7/7        EV: 18    Int: 17    God:
Gold:   77         SH:  0    Dex: 16    Spells: 5/6 levels left
                                        Lives:  0   Deaths: 1

rFire    . . .     SeeInvis +   (weapon unavailable)
rCold    . . .     Faith    .   (shield unavailable)
rNeg     . . .     Spirit   .   (armour unavailable)
rPois    .         Reflect  .   (helmet unavailable)
rElec    .         Harm     .   (cloak unavailable)
rCorr    .         Rampage  .   (gloves unavailable)
Will     .....                  (boots unavailable)
Stlth    +++.......             (no amulet)
HPRegen  0.04/turn              (no ring)
MPRegen  0.10/turn              (no ring)

@: quick
A: very small, no armour, no weapons or thrown items, stealth, claws 1, fangs 3,
see invisible, speed 1, shaggy fur 1, sharp paws
a: no special abilities


You were on level 2 of the Dungeon.
You visited 1 branch of the dungeon, and saw 2 of its levels.

You collected 77 gold pieces.

Inventory:

Jewellery
 a - a ring of see invisible {unknown}
Scrolls
 b - 3 scrolls of teleportation {unknown}
 d - a scroll of enchant weapon {unknown}


   Skills:
 - Level 2.6 Dodging
 - Level 2.6 Stealth
 - Level 2.0 Spellcasting
 - Level 1.1 Transmutations
 + Level 4.8 Poison Magic


You had 5 spell levels left.
You knew the following spells:

 Your Spells              Type           Power        Failure   Level
a - Sting                 Tmut/Pois      44%          6%          1

Your spell library contained the following spells:

 Spells                   Type           Power        Failure   Level
 Poisonous Vapours        Pois/Air       18%          11%         2
 Ignite Poison            Fire/Tmut/Pois 8%           26%         3
 Olgreb's Toxic Radiance  Pois           18%          26%         4
 Mephitic Cloud           Conj/Pois/Air  7%           30%         3


Dungeon Overview and Level Annotations

Branches:
Dungeon (2/15)

Altars:
Cheibriados

Annotations:
D:2 Natasha


Innate Abilities, Weirdness & Mutations

You cannot wear armour.
You are incapable of wielding weapons or throwing items.
Your paws allow you to move quietly. (Stealth)
You have sharp claws.
You have razor-sharp teeth.
You have supernaturally acute eyesight. (SInv)
You cover ground quickly.
You are covered in fur. (AC +1)
Your sharp claws are effective at attacking unaware monsters.


Message History

Aim: an adder (heavily wounded, very poisoned, 47% to evade)
The sting hits the adder.
The adder looks even sicker.
The adder is severely wounded.
You feel sick. The adder bites you.
You are more poisoned.
The adder poisons you!
You see here an adder corpse.
You feel sick.
Natasha, Servant of Life and Death comes into view.
You enter the shallow water.
Moving in this stuff is going to be slow.
You feel sick.
Natasha hisses angrily.
You kill the adder!
Natasha stares at you and mumbles some strange words.
You resist with some effort.
You feel sick.
You feel sick.
An ogre comes into view. It is wielding a +0 giant spiked club.
You feel sick.
Found a bronze ring.
You feel sick. Natasha casts a spell at you. The magic dart hits you.
* * * LOW HITPOINT WARNING * * *
A hobgoblin comes into view.
Natasha extends her claws.
You aren't carrying any potions.
Unknown command.
* * * LOW HITPOINT WARNING * * *
You feel sick.
A rat comes into view.
Found 18 poisoned darts.
You die...
You feel sick.
You are now level 3!
You rejoin the land of the living...
Are you sure you want to abandon this character and quit the game? (Confirm with "yes".)
Okay, then.
Are you sure you want to abandon this character and quit the game? (Confirm with "yes".)

.## #.#. ...#. . ....
..#.
..#.#######...####...
####.#..............†..g
#...... #.#########...
##......####........
#...
...........#.######.
#.#. #
######...........#.#
#.#.
#.#.............@..#.#
#... #.#
#..........#...#####.#
#O... #h# .##.....# ##.
####.# #.... #.#
.r.....<# # #....# =..
#.# .########
#.###.#########.##.#
#......S......#....##
#####.#######.##.....
#.# #†#...... ####.#
#!#......


There were no monsters in sight!

Vanquished Creatures
  Natasha (D:2)
  3 adders (D:2)
  An ooze (D:1)
  A worm (D:2)
  A dart slug (D:2)
  A leopard gecko (D:1)
  5 hobgoblins
  2 jackals (D:1)
  6 kobolds
  A ball python (D:1)
  7 bats
  4 frilled lizards (D:1)
  5 goblins
  4 rats (D:1)
42 creatures vanquished.

Notes
Turn   | Place    | Note
-------+----------+-------------------------------------------
     0 | D:1      | inc the Felid Venom Mage began the quest for the Orb.
     0 | D:1      | Reached XP level 1. HP: 7/7 MP: 4/4
   189 | D:1      | Reached skill level 3 in Poison Magic
   361 | D:1      | Reached XP level 2. HP: 5/11 MP: 1/6
  1276 | D:1      | Reached XP level 3. HP: 14/14 MP: 7/7
  1677 | D:2      | Noticed Natasha
  1918 | D:2      | Reached skill level 4 in Poison Magic
  2248 | D:2      | Found a snail-covered altar of Cheibriados.
  2384 | D:2      | Killed Natasha
  2385 | D:2      | Reached XP level 4. HP: 6/18 MP: 4/8
  2601 | D:2      | Noticed Natasha
  2607 | D:2      | Noticed an ogre
  2619 | D:2      | Succumbed to an adder's poison
  2620 | D:2      | Reached XP level 3. HP: 0/14 MP: 2/7
  2620 | D:2      | Quit the game

Illustrated notes

Levels and vault maps discovered:
D:1:      enne_arrival_octagon_isle, layout_loops_ring, roderic_serpentine_path
D:2:      layout_basic, kennysheep_slug_shrine, led_sif_pool, uniq_natasha

Skill      XL: |  1  2  3 |
---------------+----------+-----
Poison Magic   | 3 4 |  4.8
Dodging        | |  2.6
Stealth        | |  2.6
Spellcasting   | |  2.0
Transmutations | |  1.1

Action                   |  1- 3 |  4- 6 || total
-------------------------+-------+-------++-------
Melee: Unarmed           |    44 |       ||    44
       Bite              |     3 |       ||     3
 Cast: Sting             |    57 |    11 ||    68
  Use: Potion            |       |     1 ||     1
 Stab: Sleeping          |     5 |       ||     5
Armor: Skin              |     1 |       ||     1
Dodge: Dodged            |    85 |     7 ||    92

Table legend: (Time is in decaauts)
 A = Elapsed time spent in this place.
 B = Non-inter-level travel time spent in this place.
 C = Inter-level travel time spent in this place.
 D = Time resting spent in this place.
 E = Time spent auto-exploring this place.
 F = Levels seen in this place.
 G = Mean time per level.
                   A        B        C        D        E       F      G
               +--------+--------+--------+--------+--------+-----+--------+
         Total |   2424 |   2369 |     55 |    708 |   1266 |   2 | 1212.0 |
       Dungeon |   2424 |   2369 |     55 |    708 |   1266 |   2 | 1212.0 |
               +--------+--------+--------+--------+--------+-----+--------+

Top non-repeatable levels by time:
     D:1: 1691 daAuts
     D:2: 733 daAuts
